 Dungeon Crawl Stone Soup version 0.31.0 (webtiles) character file.

Game seed: 165286812471729017

30 qw the Shooter (level 3, -1/21 HPs)
             Began as a Gargoyle Hunter on Jan 19, 2024.
             Slain by a ribbon worm (5 damage)
             ... on level 2 of the Dungeon.
             The game lasted 00:00:04 (994 turns).

qw the Shooter (Gargoyle Hunter)                     Turns: 994, Time: 00:00:04

Health: -1/21      AC:  8    Str: 12 (14) XL:     3   Next: 18%
Magic:  3/3        EV: 10    Int:  8 (9)  God:
Gold:   73         SH:  0    Dex: 14 (15) Spells: 2/2 levels left

rFire   . . .        a - +0 shortbow
rCold   . . .        (shield currently unavailable)
rNeg    + + .        f - +0 ring mail
rPois   inf          (no helmet)
rElec   +            (no cloak)
rCorr   .            (no gloves)
SInv    .            (no boots)
Will    .....        (no amulet)
Stlth   +            j - ring of positive energy
HPRegen 0.23/turn    (no ring)
MPRegen 0.08/turn

%: no passive effects
@: no status effects
A: sickness immunity, AC +3, negative energy resistance 1, electricity
resistance, torment resistance 1, petrification resistance
a: no special abilities


You were on level 2 of the Dungeon.
You visited 1 branch of the dungeon, and saw 2 of its levels.

You collected 73 gold pieces.


Innate Abilities, Weirdness & Mutations

You are immune to sickness and miasma.
Your stone body is resilient. (AC +3)
You are immune to poison.
You resist negative energy. (rN+)
You are resistant to electric shocks. (rElec)
You are resistant to unholy torment.
You are immune to petrification.


   Skills:
 - Level 2.1 Fighting
 + Level 4.8 Ranged Weapons
 - Level 1.0 Armour
 - Level 1.5 Dodging
 - Level 1.1 Stealth


You had 2 spell levels left.
You didn't know any spells.
Your spell library was empty.

Inventory:

Hand Weapons
 a - a +0 shortbow (weapon)
Armour
 f - a +0 ring mail (worn)
Jewellery
 j - a ring of positive energy (left hand)
Scrolls
 c - a scroll of identify {unknown}
Potions
 b - a potion of berserk rage {unknown}
 d - a potion of haste {unknown}
 e - a potion of brilliance {unknown}
 i - a potion of curing

Dungeon Overview and Level Annotations

Branches:
Dungeon (2/15)

Altars:

Shops:
D:1 (

Annotations:
D:1 2 transporters


Message History

You are caught in a web!
You struggle to detach yourself from the web.
The web tears apart.
The ribbon worm bites you.
You shoot an arrow.
The arrow hits the ribbon worm but does no damage.
The ribbon worm bites you!
You shoot an arrow. The arrow hits the ribbon worm.
The ribbon worm is moderately wounded.
The ribbon worm bites you but does no damage.
You shoot an arrow. The arrow hits the ribbon worm!
The ribbon worm is heavily wounded.
The ribbon worm bites you.
You shoot an arrow.
The arrow barely misses the ribbon worm.
The ribbon worm bites you but does no damage.
You shoot an arrow.
The arrow hits the ribbon worm but does no damage.
The ribbon worm is heavily wounded.
The ribbon worm barely misses you.
You shoot an arrow.
The arrow hits the ribbon worm but does no damage.
The ribbon worm is heavily wounded.
The ribbon worm bites you.
You shoot an arrow.
The arrow barely misses the ribbon worm.
The ribbon worm closely misses you.
You shoot an arrow. The arrow hits the ribbon worm.
The ribbon worm is heavily wounded.
The ribbon worm barely misses you. The ribbon worm closely misses you.
You shoot an arrow. The arrow hits the ribbon worm.
The ribbon worm is severely wounded.
You shoot an arrow. The arrow hits the ribbon worm.
The ribbon worm is almost dead.
The ribbon worm closely misses you.
You shoot an arrow.
The arrow hits the ribbon worm but does no damage.
The ribbon worm is almost dead.
The ribbon worm closely misses you. The ribbon worm bites you.
You die...

...............
..... ....... #.
........... .......
.... ...... ...
#.##'# #.#
#.##.###.#####.#
#>......@.......
#.#...##w..###.# #
#.##..##.......
#.#...........##.#
###.#.###.###.....
#...............###
#####.#####......
#.# ##.#.## #.# #.#


You could see a ribbon worm.

Vanquished Creatures
  A ribbon worm (D:2)
  2 ball pythons
  3 endoplasms
  3 goblins (D:1)
  3 hobgoblins (D:1)
  A jackal (D:2)
  2 kobolds (D:2)
  4 quokkas
  2 bats
  A rat (D:2)
22 creatures vanquished.

Notes
Turn   | Place    | Note
-------+----------+-------------------------------------------
     0 | D:1      | qw the Gargoyle Hunter began the quest for the Orb.
     0 | D:1      | Reached XP level 1. HP: 12/12 MP: 1/1
     0 | D:1      | 0 ||| qw: Version: 0.3-a-132-g3d54051
     0 | D:1      | 0 ||| qw: Game counter: 89
     0 | D:1      | 0 ||| qw: Melee chars always use a shield: true
     0 | D:1      | 0 ||| qw: God list: Okawaru
     0 | D:1      | 0 ||| qw: Allow faded altars: false
     0 | D:1      | 0 ||| qw: Do Orc after clearing Dungeon:15 true
     0 | D:1      | 0 ||| qw: Do second Lair branch before Depths: true
     0 | D:1      | 0 ||| qw: Lair rune preference: random
     0 | D:1      | 0 ||| qw: Goals: Normal
     0 | D:1      | 0 ||| PLANNING D:1-11
   213 | D:1      | Found a faded altar of an unknown god.
   251 | D:1      | Reached XP level 2. HP: 15/17 MP: 2/2
   300 | D:1      | Found Plog's Weapon Emporium.
   307 | D:1      | 307 ||| SHOPLISTING +3 orcbow of freezing (302 gold, have
                  | 34).
   526 | D:1      | 526 ||| UPGRADING to +0 ring mail.
   536 | D:1      | 536 ||| DROPPING +0 leather armour.
   537 | D:1      | 537 ||| UPGRADING to ring of positive energy.
   538 | D:1      | 538 ||| READING scroll labelled SARYEST KABUBAOFI.
   539 | D:1      | 539 ||| DRINKING 2 sapphire potions.
   540 | D:1      | 540 ||| DRINKING 2 viscous cyan potions.
   541 | D:1      | 541 ||| DROPPING scroll of butterflies.
   542 | D:1      | 542 ||| DROPPING potion of degeneration.
   622 | D:2      | 622 ||| FLEEEEING.
   767 | D:2      | Reached skill level 1 in Armour
   817 | D:2      | Reached XP level 3. HP: 21/21 MP: 3/3
   883 | D:2      | 883 ||| FLEEEEING.
   989 | D:2      | HP: 2/21 [ribbon worm (4)]
   994 | D:2      | Slain by a ribbon worm

Levels and vault maps discovered:
D:1:      spicycebolla_arrival_transporter_tutorial, layout_basic,
          ebering_ecumenical_altar_abandoned, serial_shops, shop,
          minmay_indecisive_spiral
D:2:      layout_basic

Skill      XL: |  1  2 |
---------------+-------+-----
Armour         | 1 |  1.0
Fighting       | |  2.1
Ranged Weapons | |  4.8
Dodging        | |  1.5
Stealth        | |  1.1

Action                     || total
---------------------------++-------
   Fire: Shortbow          ||   100
    Use: Potion            ||     2
         Scroll            ||     1
 Armour: Leather armour    ||     4
         Ring mail         ||    27
  Dodge: Dodged            ||    26

Table legend:
 A = Non-vault XP
 B = Vault XP
 C = Vault XP percentage of total XP
 D = Non-vault monster count
 E = Vault monster count
 F = Vault count percentage of total count
                 A         B        C        D         E       F
            +---------+---------+-------+---------+---------+-------
      Total |      35 |       8 |  18.6 |      18 |       4 |  18.2
            +---------+---------+-------+---------+---------+-------
        D:1 |      15 |       8 |  34.8 |       8 |       4 |  33.3
        D:2 |      20 |       0 |   0.0 |      10 |       0 |   0.0
            +---------+---------+-------+---------+---------+-------
